 Dungeon Crawl Stone Soup version 0.24.0-35-gdb84b6a5db (webtiles) character file.

Game seed: 2000231767196776619, levelgen mode: deterministic

51 Elektrikar the Firebug (level 3, -1/19 HPs)
             Began as a Tengu Fire Elementalist on Nov 20, 2019.
             Slain by an adder (4 damage)
             ... on level 2 of the Dungeon.
             The game lasted 00:15:49 (1386 turns).

Elektrikar the Firebug (Tengu Fire Elementalist)    Turns: 1386, Time: 00:15:50

Health: -1/19      AC: -1    Str:  8    XL:     3   Next: 81%
Magic:  4/7        EV: 21    Int: 16    God:
Gold:   144        SH:  0    Dex: 19    Spells: 5/6 levels left

rFire    . . .     SeeInvis .   m - +1 spear (pain)
rCold    . . .     Gourm    .   (no shield)
rNeg     . . .     Faith    .   a - +0 robe
rPois    .         Spirit   .   (helmet restricted)
rElec    .         Reflect  .   (no cloak)
rCorr    .         Harm     .   (no gloves)
MR       .....                  (boots unavailable)
Stlth    +++.......             p - amulet of inaccuracy (curse)
HPRegen  0.06/turn              l - -3 ring of protection (curse)
MPRegen  0.10/turn              (no ring)

@: agile, lethally poisoned (-1 -> -9), flying quickly and evasively, very
slightly contaminated, quick
A: beak, talons 3
a: no special abilities


You were on level 2 of the Dungeon.
You were not hungry.

You visited 1 branch of the dungeon, and saw 2 of its levels.

You collected 144 gold pieces.

Inventory:

Hand Weapons
 d - a +0 dagger
 e - a +0 hand axe
 f - a +0 dagger
 m - a +1 spear of pain (weapon)
Missiles
 i - 7 datura-tipped darts (quivered)
 k - 7 atropa-tipped darts
Armour
 a - a +0 robe (worn)
Jewellery
 l - a cursed -3 ring of protection (left hand)
 p - a cursed amulet of inaccuracy (around neck)
Scrolls
 b - 2 scrolls of identify {unknown}
 h - a scroll of fog {unknown}
 j - a scroll of remove curse {unknown}
Comestibles
 c - a ration
 o - a chunk of flesh


   Skills:
 + Level 2.3 Dodging
 + Level 2.3 Stealth
 + Level 2.4 Spellcasting
 + Level 2.1 Conjurations
 + Level 4.1 Fire Magic


You had 5 spell levels left.
You knew the following spells:

 Your Spells              Type           Power        Failure   Level  Hunger
a - Flame Tongue          Conj/Fire      ##...        5%          1    #......

Your spell library contained the following spells:

 Spells                   Type           Power        Failure   Level  Hunger
 Throw Flame              Conj/Fire      ##....       9%          2    ###....
 Conjure Flame            Conj/Fire      ##......     16%         3    ###....
 Inner Flame              Hex/Fire       #.......     26%         3    ###....
 Sticky Flame             Conj/Fire      ##......     47%         4    #####..
 Fireball                 Conj/Fire      ##........   83%         5    ######.


Dungeon Overview and Level Annotations

Branches:
Dungeon (2/15)

Altars:


Innate Abilities, Weirdness & Mutations

You have a beak for a mouth.
You have claws for feet.


Message History

Aim: an adder The flame tongue misses the adder.
You feel sick. The adder bites you. The adder completely misses you.
You feel sick. The adder bites you.
* * * LOW HITPOINT WARNING * * *
You are lethally poisoned!
The adder poisons you!
It was a potion of flight.
You feel very buoyant.
You swoop lightly up into the air.
* * * LOW HITPOINT WARNING * * *
You feel sick. The adder barely misses you.
It was a potion of agility.
You feel agile all of a sudden.
* * * LOW HITPOINT WARNING * * *
You feel sick. The adder closely misses you.
* * * LOW HITPOINT WARNING * * *
You feel sick. The adder bites you.
You die...

############## ###
#............# #..
#.##########.# #.# #.#
#.###.# #@# #.....#
######S################
#...........).... .
#.####.########## #
#.............
######.####### #......#
#.######


You could see an adder.

Vanquished Creatures
  An ooze (D:2)
  3 dart slugs
  3 leopard geckos
  6 bats
  2 giant cockroaches (D:1)
  3 hobgoblins (D:1)
  2 jackals (D:1)
  A ball python (D:1)
  3 frilled lizards (D:1)
  4 goblins
  4 kobolds (D:1)
  4 rats (D:1)
36 creatures vanquished.

Notes
Turn   | Place    | Note
-------+----------+-------------------------------------------
     0 | D:1      | Elektrikar the Tengu Fire Elementalist began the quest for
                  | the Orb.
     0 | D:1      | Reached XP level 1. HP: 10/10 MP: 4/4
   162 | D:1      | Reached XP level 2. HP: 15/15 MP: 3/6
   534 | D:1      | Reached XP level 3. HP: 19/19 MP: 5/7
   800 | D:1      | Reached skill level 4 in Fire Magic
  1386 | D:2      | Slain by an adder

Levels and vault maps discovered:
D:1:      lemuel_arrival_behind_the_door_large, layout_rooms
D:2:      layout_basic, marbit_many_paths

Skill      XL: |  1  2  3 |
---------------+----------+-----
Fire Magic     | 4 |  4.1
Conjurations   | 2 |  2.1
Dodging        | |  2.3
Stealth        | |  2.3
Spellcasting   | |  2.4

Action                   || total
-------------------------++-------
 Cast: Flame Tongue      ||    57
  Use: Potion            ||     2
  Eat: Chunk             ||     2
Armor: Robe              ||     2
Dodge: Dodged            ||    21
